 Dungeon Crawl Stone Soup version 0.30-a0-1114-gd936c97349 (webtiles) character file.

Game seed: 3118272377219356448

32 Kenran the Charlatan (level 3, -1/26 HPs)
             Began as a Demonspawn Artificer on Apr 21, 2023.
             Slain by an endoplasm (3 damage)
             ... on level 2 of the Dungeon.
             The game lasted 00:03:02 (1213 turns).

Kenran the Charlatan (Demonspawn Artificer)         Turns: 1213, Time: 00:03:03

Health: -1/26      AC:  3    Str: 14    XL:     3   Next: 10%
Magic:  3/3        EV: 11    Int: 12    God:
Gold:   62         SH:  0    Dex: 13    Spells: 2/2 levels left

rFire   . . .      SeeInvis .    a - +0 club
rCold   . . .      Faith    .    (no shield)
rNeg    . . .      Spirit   .    b - +0 leather armour
rPois   .          Reflect  .    (helmet restricted)
rElec   .          Rampage  .    (no cloak)
rCorr   .                        (no gloves)
Will    .....                    (no boots)
Stlth   +                        (no amulet)
HPRegen 0.24/turn                (no ring)
MPRegen 0.08/turn                (no ring)

@: lethally poisoned (-1 -> -7), invisible
A: horns 1, foul stench 1
a: no special abilities


You were on level 2 of the Dungeon.
You visited 1 branch of the dungeon, and saw 2 of its levels.

You collected 62 gold pieces.

Inventory:

Hand Weapons
 a - a +0 club (weapon)
Armour
 b - a +0 leather armour (worn)
Wands
 c - a wand of flame (14) (quivered)
 d - a wand of charming (14)
 e - a wand of iceblast (4)
Scrolls
 f - 2 scrolls of identify {@r1}
 g - a scroll of acquirement
 h - a scroll of blinking {unknown}
 i - a scroll of enchant weapon {unknown}


   Skills:
 - Level 1.0 Fighting
 + Level 2.5 Maces & Flails
 - Level 1.7 Armour
 - Level 0.8 Dodging
 - Level 0.8 Stealth
 - Level 3.0 Evocations


You had 2 spell levels left.
You didn't know any spells.
Your spell library was empty.

Dungeon Overview and Level Annotations

Branches:
Dungeon (2/15)

Altars:


Innate Abilities, Weirdness & Mutations

You have a pair of small horns on your head.
You may rarely emit foul miasma when damaged in melee.


Message History

The adder poisons you!
Your adder bites the adder.
The adder is poisoned.
Your adder poisons the adder!
You barely miss the adder.
The adder is lightly wounded.
You feel sick.
The adder is no longer charmed.
The adder barely misses you.
You hit the adder.
The adder is almost dead.
You feel sick. The adder closely misses you. x2
The adder bites you but does no damage. The adder bites you.
You are more poisoned.
The adder poisons you!
You barely miss the adder.
The adder is almost dead.
You feel sick. The adder barely misses you. x2
The endoplasm freezes you.
You are frozen.
You hit the adder.
The adder is heavily wounded.
You feel sick. The adder completely misses you. The adder bites you.
The endoplasm freezes you.
You are frozen.
The adder bites you.
You are lethally poisoned!
The adder poisons you! The adder closely misses you.
It was a potion of invisibility.
You fade into invisibility!
* * * LOW HITPOINT WARNING * * *
You feel very sick. The endoplasm hits you.
* * * LOW HITPOINT WARNING * * *
The adder completely misses you. The adder closely misses you.
You aren't carrying any potions.
Unknown command.
As you read the scroll labelled USIHOOFISYDD, it crumbles to dust.
It is a scroll of identify.
g - a scroll of acquirement
* * * LOW HITPOINT WARNING * * *
You feel sick. The adder bites you.
* * * LOW HITPOINT WARNING * * *
The adder bites you but does no damage. The endoplasm hits you.
You die...

..#.###.#.#.## #.# #†#
..... #.#.#.# #.###)#
#.... #.#.#.## #.....#
.............####..#####
#.....#.................
#.....####..........####
#..#...#..........#
#..JSS...........#
#...@............#
#...................#
#.##...........###.##
#......###### .#
#......# .# #......#
#....... ##.....##


You could see 2 adders and an endoplasm.

Vanquished Creatures
  An adder (D:2)
  2 giant cockroaches
  A hobgoblin (D:1)
  4 ball pythons
  4 frilled lizards
  6 goblins (D:1)
  3 kobolds
  2 rats
23 creatures vanquished.

Vanquished Creatures (collateral kills)
  A quokka (D:2)
1 creature vanquished.

Grand Total: 24 creatures vanquished

Notes
Turn   | Place    | Note
-------+----------+-------------------------------------------
     0 | D:1      | Kenran the Demonspawn Artificer began the quest for the
                  | Orb.
     0 | D:1      | Reached XP level 1. HP: 15/15 MP: 1/1
   222 | D:1      | Reached skill level 1 in Maces & Flails
   554 | D:1      | Gained mutation: You have a pair of small horns on your
                  | head. [demonic ancestry]
   554 | D:1      | Reached XP level 2. HP: 15/21 MP: 2/2
  1178 | D:2      | Gained mutation: You may rarely emit foul miasma when
                  | damaged in melee. [demonic ancestry]
  1178 | D:2      | Reached XP level 3. HP: 26/26 MP: 3/3
  1213 | D:2      | Identified a scroll of acquirement
  1213 | D:2      | Slain by an endoplasm

Illustrated notes

Levels and vault maps discovered:
D:1:      amcnicky_arrival_underground_garden, layout_basic
D:2:      layout_loops_ring

Skill      XL: |  1  2 |
---------------+-------+-----
Maces & Flails | 1 2 |  2.5
Fighting       | |  1.0
Armour         | |  1.7
Dodging        | |  0.8
Stealth        | |  0.8
Evocations     | |  3.0

Action                     || total
---------------------------++-------
  Melee: Club              ||    75
         Punch             ||     1
         Headbutt          ||     4
  Evoke: Wand              ||     3
    Use: Scroll            ||     1
         Potion            ||     1
   Stab: Sleeping          ||     1
 Armour: Leather armour    ||    20
  Dodge: Dodged            ||    41

Table legend: (Time is in decaauts)
 A = Elapsed time spent in this place.
 B = Non-inter-level travel time spent in this place.
 C = Inter-level travel time spent in this place.
 D = Time resting spent in this place.
 E = Time spent auto-exploring this place.
 F = Levels seen in this place.
 G = Mean time per level.
                   A        B        C        D        E       F      G
               +--------+--------+--------+--------+--------+-----+--------+
         Total |   1229 |   1221 |      8 |     82 |    567 |   2 |  614.5 |
       Dungeon |   1229 |   1221 |      8 |     82 |    567 |   2 |  614.5 |
               +--------+--------+--------+--------+--------+-----+--------+

Top non-repeatable levels by time:
     D:1: 1061 daAuts
     D:2: 168 daAuts
